[Event "Titled Tuesday Blitz October 5 2021"]
[White "Ozen, Bahadir"]
[Black "Gontcharov, Vladislav"]
[WhiteFideId "6337058"]
[BlackFideId "4123492"]
[WhiteElo "2503"]
[BlackElo "2503"]
[Result "1/2-1/2"]
[Round "09"]
[TimeControl "180+1"]
[Date "2021.10.05"]
[WhiteClock "0:00:17"]
[BlackClock "0:00:16"]

1. e4 e6 2. d4 d5 3. exd5 exd5 4. Nf3 Nc6 5. Bb5 Bd6 6. O-O Ne7 7. h3 O-O 8. Re1 a6 9. Bd3 Bf5 10. Bxf5 Nxf5 11. c3 Re8 12. Nbd2 Qd7 13. Nf1 Rxe1 14. Qxe1 Re8 15. Qd1 b5 16. Ne3 Nxe3 17. Bxe3 Qf5 18. Qb1 Qxb1+ 19. Rxb1 f6 20. Kf1 Kf7 21. Re1 a5 22. g4 a4 23. Bc1 Rb8 24. Ke2 b4 25. Kd3 b3 26. Be3 bxa2 27. Kc2 Na5 28. Ra1 Nc4 29. Rxa2 Re8 30. Kd3 Rb8 31. Bc1 Nb6 32. Be3 g6 33. Nd2 h5 34. f3 hxg4 35. hxg4 Rh8 36. c4 dxc4+ 37. Nxc4 Nxc4 38. Kxc4 Rh3 39. Rxa4 Rxf3 40. Bd2 Rg3 41. Bb4 Bf4 42. Ra7 Rxg4 43. Ba5 Be5 44. Bxc7 Rxd4+ 45. Kc5 Rd7 46. Kc6 Re7 47. b4 g5 48. b5 Bd4 49. b6 g4 50. Ra4 Bxb6 51. Kxb6 f5 52. Kc6 Kg6 53. Bd6 Re4 54. Rxe4 fxe4 55. Kd5 Kf5 56. Bg3 e3 57. Kd4 e2 58. Ke3 e1=Q+ 59. Bxe1 g3 60. Bxg3 1/2-1/2


[Site "https://www.chess.com"]

[Event "Titled Tuesday Blitz October 5 2021"]
[White "Pasti, Aron"]
[Black "Aldokhin, Ivan"]
[WhiteFideId "785857"]
[BlackFideId "24115720"]
[WhiteElo "2080"]
[BlackElo "2231"]
[Result "0-1"]
[Round "09"]
[TimeControl "180+1"]
[Date "2021.10.05"]
[WhiteClock "0:00:03"]
[BlackClock "0:00:12"]

1. e4 c5 2. Nf3 e6 3. d4 cxd4 4. Nxd4 Nc6 5. Nc3 Qc7 6. Be3 a6 7. Qf3 Nf6 8. O-O-O b5 9. Nxc6 Qxc6 10. Bd3 Bb7 11. Kb1 Bb4 12. Bd4 Bxc3 13. Bxc3 Nxe4 14. Bxg7 Rg8 15. Be5 Rxg2 16. Qh5 Nxf2 17. Qxh7 O-O-O 18. Qxf7 Nxh1 19. Rxh1 Rf2 20. Qxf2 Qxh1+ 21. Bf1 d6 22. Bg3 Qd5 23. b3 Kb8 24. Bh3 e5 25. Qf6 Rg8 26. Be6 Qd1+ 27. Kb2 Qd4+ 28. Ka3 b4+ 29. Ka4 Bc6+ 30. Ka5 Qc5+ 31. Kxa6 Bb7# 0-1


[Site "https://www.chess.com"]

[Event "Titled Tuesday Blitz October 5 2021"]
[White "Pichot, Alan"]
[Black "Tristan, Leonardo"]
[WhiteFideId "110973"]
[BlackFideId "113816"]
[WhiteElo "2848"]
[BlackElo "2695"]
[Result "0-1"]
[Round "09"]
[TimeControl "180+1"]
[Date "2021.10.05"]
[WhiteClock "0:00:02"]
[BlackClock "0:00:05"]

1. e4 d5 2. e5 c5 3. c3 Nc6 4. d4 Bf5 5. Nf3 e6 6. a3 cxd4 7. cxd4 Nge7 8. b4 Nc8 9. Bb2 Be7 10. Be2 O-O 11. O-O f6 12. Nbd2 fxe5 13. dxe5 Nb6 14. Rc1 Rc8 15. Bb5 a6 16. Bxc6 bxc6 17. Bd4 Bd3 18. Re1 Nc4 19. Rc3 Nxd2 20. Nxd2 Bg6 21. Qa4 Rf4 22. Nb3 Be8 23. Bc5 Bh4 24. g3 Rc4 25. Rxc4 dxc4 26. Nd4 Be7 27. Nxe6 Qd7 28. Bxe7 Qxe6 29. Qxa6 c3 30. Bd6 Bg6 31. a4 c2 32. a5 Re8 33. Qxc6 Rc8 34. b5 Rxc6 35. bxc6 Qc4 36. Ba3 Qxc6 37. e6 Qa4 38. Bc1 Qxa5 39. Re3 Qa1 40. Re1 Qc3 41. Re3 Qd4 42. Kg2 Be4+ 43. f3 Bg6 44. e7 Qd1 45. e8=Q+ Bxe8 46. Rxe8+ Kf7 0-1


[Site "https://www.chess.com"]

[Event "Titled Tuesday Blitz October 5 2021"]
[White "Piesik, Piotr"]
[Black "Jary, Sergey"]
[WhiteFideId "1136194"]
[BlackFideId "14110350"]
[WhiteElo "2336"]
[BlackElo "2260"]
[Result "1-0"]
[Round "09"]
[TimeControl "180+1"]
[Date "2021.10.05"]
[WhiteClock "0:00:43"]
[BlackClock "0:00:13"]

1. Nf3 g6 2. g3 Bg7 3. d4 Nf6 4. Bg2 O-O 5. O-O d6 6. Nbd2 Nc6 7. e4 e5 8. dxe5 Nxe5 9. Nxe5 dxe5 10. Qe2 c6 11. a4 Be6 12. b3 Qa5 13. Bb2 Rfd8 14. Rfd1 Rd7 15. Nc4 Bxc4 16. Qxc4 Rad8 17. Rxd7 Rxd7 18. Bc3 Qc7 19. f3 Ne8 20. Bh3 Rd8 21. Qe2 Bh6 22. Rd1 f6 23. Be6+ Kg7 24. Kf1 Nd6 25. Rd3 Nf7 26. Bxf7 Kxf7 27. Qd1 Ke8 28. Ke2 Rxd3 29. Qxd3 Qd7 30. Qc4 Qf7 31. Qc5 a6 32. Qd6 Qe7 33. Qd3 Bf8 34. b4 Qe6 35. b5 axb5 36. axb5 cxb5 37. Qxb5+ Qc6 38. Qb3 b5 39. Bd2 Kd7 40. Kd3 Be7 41. Be3 f5 42. Qf7 fxe4+ 43. fxe4 b4 44. Qd5+ Qxd5+ 45. exd5 Bf8 46. Kc4 e4 47. Kd4 Kd6 48. Bf4+ Kd7 49. Kxe4 Bc5 50. Kd3 Bg1 51. g4 h5 52. h3 hxg4 53. hxg4 Bc5 54. Kc4 Bf8 55. Bd2 1-0


[Site "https://www.chess.com"]

[Event "Titled Tuesday Blitz October 5 2021"]
[White "Pridorozhni, Aleksei"]
[Black "Kadam, Om Manish"]
[WhiteFideId "4127870"]
[BlackFideId "45076294"]
[WhiteElo "2849"]
[BlackElo "2659"]
[Result "1-0"]
[Round "09"]
[TimeControl "180+1"]
[Date "2021.10.05"]
[WhiteClock "0:02:15"]
[BlackClock "0:01:50"]

1. e4 c6 2. Nc3 d5 3. Qe2 d4 4. Nd1 e5 5. g3 g6 6. d3 Bg7 7. f4 Nd7 8. Nf3 Ne7 9. Bg2 Kf8 10. O-O Kg8 11. Nh4 f6 12. c4 h6 13. Bd2 Kh7 14. Nf2 Rf8 15. f5 g5 16. Nf3 Qe8 17. h4 g4 18. Nxg4 h5 19. Nf2 Rg8 20. Kh2 Bf8 21. Rg1 Qf7 22. Bh3 b6 23. g4 hxg4 24. Bxg4 Bb7 25. Rg3 Bh6 26. Bxh6 Kxh6 27. Rag1 Rg7 28. Qd2+ Kh7 29. Bh5 Rxg3 30. Bxf7 Rxf3 31. Qe2 1-0


[Site "https://www.chess.com"]

[Event "Titled Tuesday Blitz October 5 2021"]
[White "Rasulov, Vugar"]
[Black "Djordjevic, Vuk"]
[WhiteFideId "13402390"]
[BlackFideId "902098"]
[WhiteElo "2827"]
[BlackElo "2702"]
[Result "1-0"]
[Round "09"]
[TimeControl "180+1"]
[Date "2021.10.05"]
[WhiteClock "0:02:08"]
[BlackClock "0:01:54"]

1. d4 Nf6 2. c4 e6 3. Nf3 b6 4. g3 Ba6 5. Qc2 Bb7 6. Bg2 Be7 7. O-O O-O 8. Nc3 c5 9. d5 d6 10. dxe6 fxe6 11. Rd1 Qc8 12. Bh3 Bxf3 13. exf3 Nc6 14. Qe2 Kf7 15. Ne4 Nxe4 16. Qxe4 Nd4 17. Bf4 Qd7 18. Rxd4 cxd4 19. Re1 1-0


[Site "https://www.chess.com"]

[Event "Titled Tuesday Blitz October 5 2021"]
[White "Rodchenkov, Vitaly"]
[Black "Guzman Moneo, Alberto"]
[WhiteFideId "4152964"]
[BlackFideId "2209616"]
[WhiteElo "2337"]
[BlackElo "2157"]
[Result "0-1"]
[Round "09"]
[TimeControl "180+1"]
[Date "2021.10.05"]
[WhiteClock "0:00:05"]
[BlackClock "0:00:37"]

1. Nf3 Nf6 2. c4 g6 3. b4 a5 4. b5 Bg7 5. Bb2 O-O 6. g3 b6 7. Bg2 Bb7 8. O-O c5 9. Nc3 d5 10. cxd5 Nxd5 11. Qb3 a4 12. Nxa4 Rxa4 13. Bxg7 Rb4 14. Bxf8 Rxb3 15. axb3 Kxf8 16. Ra7 Qc8 17. d4 Nd7 18. Rc1 Qb8 19. Raa1 Nb4 20. dxc5 Nxc5 21. Nd4 Bxg2 22. Kxg2 Kg7 23. Rc4 e5 24. Nf3 Nd5 25. b4 Ne6 26. Rd1 Nf6 27. Rc6 e4 28. Nd4 Nxd4 29. Rxd4 Qe5 30. Rdd6 Ng4 31. h3 Nh6 32. g4 e3 33. Rxb6 exf2 34. Kxf2 Qh2+ 35. Ke1 Qxh3 36. Rd7 Nxg4 37. Rbb7 Qc3+ 38. Kf1 Qc1+ 39. Kg2 h5 40. Rxf7+ Kh6 41. Rbc7 Qe3 42. Rfe7 Qb3 43. b6 Qxb4 44. b7 Kg5 45. Red7 Kh4 46. Kf3 Ne5+ 47. Ke3 Nxd7 48. Rxd7 Kg3 49. Kd3 Qb5+ 50. Kc3 Qc6+ 51. Kb4 Qb6+ 52. Kc4 g5 53. e4 g4 54. e5 h4 55. Kd5 h3 56. e6 h2 57. Rh7 h1=Q+ 58. Rxh1 Qxb7+ 59. Kd6 Qxh1 60. e7 Qe1 61. Kd7 Kh4 62. e8=Q Qxe8+ 63. Kxe8 g3 0-1


[Site "https://www.chess.com"]

[Event "Titled Tuesday Blitz October 5 2021"]
[White "Rosenberg, Evan S"]
[Black "Dang, Hoang Son"]
[WhiteFideId "2019299"]
[BlackFideId "12402435"]
[WhiteElo "2270"]
[BlackElo "2248"]
[Result "0-1"]
[Round "09"]
[TimeControl "180+1"]
[Date "2021.10.05"]
[WhiteClock "0:00:09"]
[BlackClock "0:00:16"]

1. Nf3 g6 2. e4 Bg7 3. d4 d6 4. Bc4 Nf6 5. Qe2 O-O 6. e5 dxe5 7. dxe5 Nd5 8. O-O c6 9. h3 Be6 10. Bb3 Nd7 11. Rd1 Qc7 12. c4 Nb4 13. Bf4 a5 14. a3 Nc5 15. axb4 Nxb3 16. Ra3 a4 17. Nc3 Qb6 18. Rxa4 Rxa4 19. Nxa4 Qxb4 20. Nc3 Bxc4 21. Qe3 Be6 22. Ng5 Nc5 23. Nxe6 Nxe6 24. Bh6 Qxb2 25. Bxg7 Kxg7 26. Rb1 Qa3 27. Rxb7 Rd8 28. Ra7 Qb4 29. g3 h5 30. Kg2 h4 31. Ra4 Qb7 32. Rxh4 c5+ 33. Kh2 g5 34. Ra4 Rd4 35. Ra2 c4 36. Ne2 Rd1 37. Ng1 Qd5 38. Re2 Rd3 39. Qe4 c3 40. Qxd5 Rxd5 41. Rc2 Rd3 42. Ne2 Rd2 43. Rxd2 cxd2 44. Nc3 Kg6 45. Kg2 Kf5 46. Kf3 Nd4+ 47. Ke3 Nb3 48. f4 gxf4+ 49. gxf4 e6 50. Nd1 Kg6 51. Kd3 Kf5 52. Kc3 Nc5 53. Kxd2 Kxf4 54. h4 Kxe5 55. Ke3 Kf5 56. Kd4 Nd7 57. Ne3+ Kf4 58. Nc4 e5+ 59. Kd5 e4 60. Kd6 Nb8 61. Ke7 f5 62. Kf6 Nd7+ 63. Kg6 Kg4 64. Ne5+ Nxe5+ 65. Kf6 Nf3 66. h5 Kxh5 67. Kxf5 e3 68. Kf4 e2 69. Kxf3 e1=Q 70. Kg2 Qe3 71. Kh2 Kg4 72. Kg2 Qe2+ 73. Kh1 Kg3 74. Kg1 Qe1# 0-1


[Site "https://www.chess.com"]

[Event "Titled Tuesday Blitz October 5 2021"]
[White "Sadovsky, Artem"]
[Black "Kanyamarala, Tarun"]
[WhiteFideId "4155840"]
[BlackFideId "45004714"]
[WhiteElo "2370"]
[BlackElo "2077"]
[Result "1-0"]
[Round "09"]
[TimeControl "180+1"]
[Date "2021.10.05"]
[WhiteClock "0:01:47"]
[BlackClock "0:00:13"]

1. b4 e5 2. Bb2 Bxb4 3. Bxe5 Nf6 4. Nf3 O-O 5. e3 Re8 6. Be2 Nc6 7. Bb2 d5 8. O-O Bg4 9. h3 Bh5 10. Nc3 a6 11. Rb1 Bd6 12. Ba1 b5 13. Nxb5 axb5 14. Bxb5 Ne5 15. Bxe5 Bxf3 16. Bxf6 Bh2+ 17. Kh1 Bxg2+ 18. Kxg2 Qxf6 19. Bxe8 Bd6 20. Bd7 d4 21. Qf3 1-0


[Site "https://www.chess.com"]

[Event "Titled Tuesday Blitz October 5 2021"]
[White "Sadykov, Ramil"]
[Black "Fier, Alexandr"]
[WhiteFideId "24113590"]
[BlackFideId "2107139"]
[WhiteElo "2300"]
[BlackElo "2569"]
[Result "0-1"]
[Round "09"]
[TimeControl "180+1"]
[Date "2021.10.05"]
[WhiteClock "0:00:29"]
[BlackClock "0:02:06"]

1. d4 Nf6 2. Nc3 c5 3. d5 g6 4. e4 d6 5. Nf3 Bg7 6. Bb5+ Bd7 7. a4 O-O 8. O-O Bg4 9. h3 Bxf3 10. Qxf3 Na6 11. Bf4 Nc7 12. Bc4 Nd7 13. Qg3 a6 14. a5 Rb8 15. Ra2 b5 16. axb6 Rxb6 17. Rfa1 Qb8 18. Bc1 Qb7 19. Nd1 Rb4 20. Bd3 c4 21. Bf1 Nc5 22. c3 Rb6 23. Bxc4 Nxe4 24. Qe3 Nf6 25. Qxe7 Re8 26. Bxa6 Qb8 27. Qxe8+ Qxe8 28. Bf1 Nfxd5 29. Ne3 Rb8 30. Nxd5 Nxd5 31. Ra7 h5 32. Bc4 Rc8 33. Bxd5 Qe1+ 34. Kh2 Qe5+ 0-1


[Site "https://www.chess.com"]

[Event "Titled Tuesday Blitz October 5 2021"]
[White "Sagripanti, Michele"]
[Black "Katzir, Moshe"]
[WhiteFideId "847895"]
[BlackFideId "2802260"]
[WhiteElo "2195"]
[BlackElo "2097"]
[Result "1-0"]
[Round "09"]
[TimeControl "180+1"]
[Date "2021.10.05"]
[WhiteClock "0:00:10"]
[BlackClock "0:00:01"]

1. e4 c5 2. Nf3 a6 3. c3 d5 4. exd5 Qxd5 5. d4 Nf6 6. Be2 cxd4 7. cxd4 e6 8. Nc3 Qd6 9. O-O Nc6 10. Bg5 Be7 11. Qb3 O-O 12. Rad1 Nd5 13. Ne4 Qd8 14. Be3 b6 15. Bd3 h6 16. Bb1 Bb7 17. a3 Rc8 18. Qd3 f5 19. Nc3 Nxc3 20. bxc3 Na5 21. Bc1 Qd5 22. Rfe1 Bf6 23. Re2 g5 24. Ba2 Nc4 25. Ne1 b5 26. f3 Bg7 27. Nc2 Qd7 28. Rde1 Bd5 29. Nb4 a5 30. Nxd5 exd5 31. Re7 Qd8 32. h4 Rc7 33. Rxc7 Qxc7 34. hxg5 hxg5 35. Bxg5 Qg3 36. Bd2 Bh6 37. Bxc4 bxc4 38. Qe2 Bg7 39. Qf2 Qg6 40. Bf4 Bh6 41. Bxh6 Qxh6 42. Re7 f4 43. Qe2 Rf6 44. Re8+ Rf8 45. Qe6+ Qxe6 46. Rxe6 Rb8 47. Re5 Rb3 48. Rxd5 Rxc3 49. Rxa5 Rc1+ 50. Kh2 1-0


[Site "https://www.chess.com"]

[Event "Titled Tuesday Blitz October 5 2021"]
[White "Salimova, Nurgyul"]
[Black "Isajevsky, Anton"]
[WhiteFideId "2915138"]
[BlackFideId "4142500"]
[WhiteElo "2071"]
[BlackElo "2510"]
[Result "1-0"]
[Round "09"]
[TimeControl "180+1"]
[Date "2021.10.05"]
[WhiteClock "0:00:54"]
[BlackClock "0:00:12"]

1. e4 g6 2. d4 Bg7 3. Nc3 d6 4. Be3 c6 5. h4 h5 6. Qd2 Nd7 7. Nh3 Ngf6 8. f3 b5 9. Ng5 Qc7 10. O-O-O Nb6 11. e5 Nfd5 12. Nxd5 Nxd5 13. e6 f6 14. Qd3 f5 15. Bd2 Bf6 16. Re1 Ba6 17. g4 hxg4 18. fxg4 O-O-O 19. Nf7 Rxh4 20. Bg2 Rxh1 21. Rxh1 Rf8 22. g5 Bg7 23. Rh7 Rg8 24. Nh6 Bxh6 25. gxh6 Nf6 26. Rf7 d5 27. Qa3 Bb7 28. Qxe7 1-0


[Site "https://www.chess.com"]

[Event "Titled Tuesday Blitz October 5 2021"]
[White "Salinas Herrera, Pablo"]
[Black "Nilsen, Tobias Lang"]
[WhiteFideId "3407128"]
[BlackFideId "1521624"]
[WhiteElo "2541"]
[BlackElo "1975"]
[Result "1-0"]
[Round "09"]
[TimeControl "180+1"]
[Date "2021.10.05"]
[WhiteClock "0:00:15"]
[BlackClock "0:00:11"]

1. d4 Nf6 2. Nf3 e6 3. Bf4 c5 4. e3 d5 5. Nbd2 Nc6 6. c3 Bd6 7. Bg3 O-O 8. Bb5 Ne7 9. Bd3 b6 10. e4 dxe4 11. Nxe4 Nxe4 12. Bxe4 Nd5 13. dxc5 Bxc5 14. Qe2 Bb7 15. O-O-O Qe8 16. h4 Qa4 17. Qc2 Qxa2 18. Bxh7+ Kh8 19. Ng5 Ne3 20. fxe3 Bxe3+ 21. Rd2 Rad8 22. Rd1 Rxd2 23. Rxd2 Qa1+ 24. Qb1 Bxd2+ 25. Kxd2 Qa5 26. Qd3 Ba6 27. Qd6 Qc5 28. Qxc5 bxc5 29. Bd6 Rc8 30. Be4 Kg8 31. Ke3 Bc4 32. g3 Bd5 33. Bh7+ Kh8 34. Bd3 Kg8 35. Ne4 c4 36. Bc2 Rc6 37. Ba3 f6 38. Nd6 Rb6 39. Kd4 Rb8 40. Nxc4 Rd8 41. Nd6 Rd7 42. c4 Bc6 43. c5 e5+ 44. Ke3 Kf8 45. Bf5 Rd8 46. b4 a6 47. Bd3 Ra8 48. Bc1 Ke7 49. h5 Rb8 50. Bd2 Ra8 51. g4 Ra7 52. Be4 Bxe4 53. Kxe4 Ra8 54. Kd5 Rb8 55. c6 a5 56. c7 Ra8 57. bxa5 Kd7 58. c8=Q+ Rxc8 59. Nxc8 Kxc8 60. Ke6 e4 61. Be3 Kb7 62. Kf7 Ka6 63. Kxg7 Kxa5 64. Kxf6 Kb5 65. h6 Kc4 66. h7 Kd3 67. h8=Q Kxe3 68. Kf5 Kf3 69. g5 e3 70. g6 e2 71. Qh5+ Kf2 72. Qh4+ Kf3 73. Qe4+ Kf2 74. Qf4+ Kg2 75. Qe3 Kf1 76. Qf3+ Ke1 77. g7 Kd2 78. Qd5+ Kc2 79. Qc4+ Kd1 80. Qd3+ Ke1 81. g8=Q Kf1 82. Qf3+ Ke1 83. Qg1+ Kd2 84. Qfe3+ Kc2 85. Qgc1# 1-0


[Site "https://www.chess.com"]

[Event "Titled Tuesday Blitz October 5 2021"]
[White "Seletsky, Grigory"]
[Black "Pastar, Slaven"]
[WhiteFideId "14112191"]
[BlackFideId "14402718"]
[WhiteElo "2492"]
[BlackElo "2198"]
[Result "1-0"]
[Round "09"]
[TimeControl "180+1"]
[Date "2021.10.05"]
[WhiteClock "0:00:38"]
[BlackClock "0:00:02"]

1. e4 b6 2. d4 Bb7 3. f3 e6 4. c3 c5 5. Bd3 cxd4 6. cxd4 Bb4+ 7. Nc3 Nc6 8. Be3 Nf6 9. Ne2 d5 10. e5 Nd7 11. f4 a5 12. O-O g6 13. Rc1 O-O 14. a3 Be7 15. Nb5 a4 16. g4 Na5 17. f5 Bg5 18. Qd2 Bxe3+ 19. Qxe3 Nc4 20. Bxc4 dxc4 21. f6 Nxf6 22. exf6 Qd5 23. Kf2 g5 24. Ke1 Kh8 25. Nc7 Qa5+ 26. Qc3 Ra7 27. Qxa5 Rxa5 28. Rxc4 Rc8 29. Rc3 h6 30. Rf2 Kh7 31. Nc1 Kg6 32. Nd3 h5 33. Ne5+ Kh7 34. gxh5 Kh6 35. Nxf7+ Kxh5 36. Ne5 Be4 37. Rh3# 1-0


[Site "https://www.chess.com"]

[Event "Titled Tuesday Blitz October 5 2021"]
[White "Seul, Georg"]
[Black "Krysa, Leandro"]
[WhiteFideId "4601653"]
[BlackFideId "116807"]
[WhiteElo "2332"]
[BlackElo "2490"]
[Result "0-1"]
[Round "09"]
[TimeControl "180+1"]
[Date "2021.10.05"]
[WhiteClock "0:00:02"]
[BlackClock "0:00:04"]

1. e4 c5 2. Nf3 Nc6 3. Bb5 g6 4. Bxc6 bxc6 5. O-O Bg7 6. Re1 Qc7 7. e5 f6 8. exf6 Nxf6 9. Nc3 O-O 10. Rxe7 Ng4 11. h3 Nh6 12. d3 Nf5 13. Re1 Nd4 14. Nxd4 cxd4 15. Ne4 d5 16. Nc5 Qd6 17. b4 a5 18. Bd2 Ra7 19. a3 Raf7 20. Re2 Be5 21. Qf1 Bg3 22. fxg3 Rxf1+ 23. Rxf1 Rxf1+ 24. Kxf1 axb4 25. axb4 Qd8 26. g4 h5 27. gxh5 gxh5 28. Rf2 Kg7 29. Bf4 Qe7 30. Kg1 Qe1+ 31. Rf1 Qc3 32. Be5+ Kg8 33. Rf4 Qxb4 34. Bxd4 Qe1+ 35. Kh2 h4 36. Bf2 Qd2 37. Rf3 Qxc2 38. d4 Qd1 39. Nd3 Ba6 40. Ne5 Bf1 0-1


[Site "https://www.chess.com"]

[Event "Titled Tuesday Blitz October 5 2021"]
[White "Shuvalov, Evgenij"]
[Black "Bouget, Alexandre"]
[WhiteFideId "4187237"]
[BlackFideId "681318"]
[WhiteElo "2129"]
[BlackElo "2178"]
[Result "1-0"]
[Round "09"]
[TimeControl "180+1"]
[Date "2021.10.05"]
[WhiteClock "0:01:15"]
[BlackClock "0:00:01"]

1. Nf3 d5 2. c4 d4 3. b4 f6 4. e3 e5 5. c5 a5 6. Qa4+ Bd7 7. b5 Bxc5 8. Bc4 c6 9. Bxg8 Rxg8 10. Qc4 Rf8 11. Qxc5 dxe3 12. dxe3 cxb5 13. O-O Na6 14. Qd6 Bc6 15. Qxd8+ Rxd8 16. Nbd2 a4 17. e4 Rd3 18. Re1 Kf7 19. Nf1 Rfd8 20. Ng3 Nc5 21. Be3 Nxe4 22. Nxe4 Bxe4 23. Bb6 R8d6 24. Rxe4 Rxb6 25. Rb1 b4 26. Ne1 Rd2 27. Rexb4 Rxb4 28. Rxb4 Rxa2 29. Rxb7+ Kg6 30. Ra7 Ra1 31. Kf1 a3 32. Ke2 Kf5 33. Nc2 Ra2 34. Kd1 Rb2 35. Rxa3 Rb1+ 36. Ke2 Rg1 37. h4 Kg4 38. Rg3+ Kxh4 39. Rxg7 h5 40. Ne3 1-0


[Site "https://www.chess.com"]

[Event "Titled Tuesday Blitz October 5 2021"]
[White "Sinitsina, Anastassia"]
[Black "Kavyev, Ruslan"]
[WhiteFideId "4504640"]
[BlackFideId "34110981"]
[WhiteElo "2161"]
[BlackElo "2182"]
[Result "1-0"]
[Round "09"]
[TimeControl "180+1"]
[Date "2021.10.05"]
[WhiteClock "0:01:56"]
[BlackClock "0:02:09"]

1. Nf3 Nf6 2. g3 g6 3. Bg2 Bg7 4. O-O O-O 5. c4 c5 6. d4 cxd4 7. Nxd4 Nc6 8. Nc3 Ng4 9. Nb3 Nge5 10. Nd2 d6 11. Nd5 Be6 12. Rb1 a6 13. b3 b5 14. Bb2 bxc4 15. bxc4 Rb8 16. Ba1 Qa5 17. Qc2 Rfc8 18. Rxb8 Rxb8 19. Rb1 Rxb1+ 20. Nxb1 Nxc4 21. Qxc4 Qe1+ 22. Bf1 Bh3 23. Ne3 Bxa1 24. Qxc6 Qxb1 25. Qxa6 Bd4 26. Qd3 Qc1 27. Qxd4 h5 28. Qd1 1-0


[Site "https://www.chess.com"]

[Event "Titled Tuesday Blitz October 5 2021"]
[White "Siva Mahadevan"]
[Black "Nakamura, Hikaru"]
[WhiteFideId "25043153"]
[BlackFideId "2016192"]
[WhiteElo "2875"]
[BlackElo "3187"]
[Result "0-1"]
[Round "09"]
[TimeControl "180+1"]
[Date "2021.10.05"]
[WhiteClock "0:01:44"]
[BlackClock "0:02:11"]

1. e4 c5 2. Nf3 d6 3. d4 cxd4 4. Nxd4 Nf6 5. Nc3 a6 6. Bg5 e5 7. Nb3 Be6 8. Qe2 Nbd7 9. O-O-O Be7 10. f4 Bg4 11. Qd2 Bxd1 12. Qxd1 Rc8 13. Qd2 h6 14. Bxf6 Nxf6 15. g3 b5 16. Bh3 Rc6 17. a3 O-O 18. Rd1 Qc7 19. Nd5 Nxd5 20. exd5 Rb6 21. Na5 exf4 22. gxf4 Rbb8 23. Nc6 Rbe8 24. Rg1 Bf6 25. Bf5 Qb6 26. Qg2 Qe3+ 27. Kb1 Qxf4 28. Bd3 Re3 29. Rf1 Qg5 30. Qf2 Rfe8 31. Ka2 Qxd5+ 0-1


[Site "https://www.chess.com"]

[Event "Titled Tuesday Blitz October 5 2021"]
[White "Skuhala, Barbara"]
[Black "ketster"]
[WhiteFideId "14605465"]
[WhiteElo "2121"]
[BlackElo "2548"]
[Result "0-1"]
[Round "09"]
[TimeControl "180+1"]
[Date "2021.10.05"]
[WhiteClock "0:01:00"]
[BlackClock "0:00:33"]

1. e4 e5 2. Nf3 Nc6 3. d4 exd4 4. Nxd4 Bc5 5. Nb3 Bb6 6. Nc3 Nf6 7. Qe2 a5 8. a4 O-O 9. Be3 Bxe3 10. Qxe3 Nb4 11. O-O-O d6 12. f3 Bd7 13. Kb1 Qe8 14. Bb5 c6 15. Be2 d5 16. h4 dxe4 17. Nxe4 Nfd5 18. Qd2 Bf5 19. Bd3 Qe5 20. Rhe1 Qf4 21. Qxf4 Nxf4 22. Nf6+ gxf6 23. Bxf5 Rfe8 24. c3 Nbd5 25. Nc5 b6 26. Nd7 Kg7 27. c4 Ne3 28. Rd2 Nxf5 0-1


[Site "https://www.chess.com"]

[Event "Titled Tuesday Blitz October 5 2021"]
[White "Sokolin, Leonid"]
[Black "Baskin, Robert"]
[WhiteFideId "2009161"]
[BlackFideId "24662402"]
[WhiteElo "2394"]
[BlackElo "2521"]
[Result "0-1"]
[Round "09"]
[TimeControl "180+1"]
[Date "2021.10.05"]
[WhiteClock "0:00:01"]
[BlackClock "0:00:15"]

1. e4 e5 2. Nf3 Nc6 3. Nc3 Nf6 4. Bb5 Nd4 5. Nxe5 Qe7 6. Nf3 Nxb5 7. Nxb5 Qxe4+ 8. Qe2 Qxe2+ 9. Kxe2 Nd5 10. d3 a6 11. Nbd4 Be7 12. c4 Nf6 13. Nf5 Bf8 14. Kd1 d6 15. Re1+ Be6 16. N5d4 Kd7 17. Bg5 Be7 18. h3 Rae8 19. Kc2 h6 20. Bh4 Bd8 21. Rad1 g5 22. Bg3 Nh5 23. Bh2 Ng7 24. Nxe6 fxe6 25. d4 Rhf8 26. Re2 Nf5 27. Kd3 Bf6 28. Rde1 Bg7 29. g4 Ne7 30. Nd2 Ng6 31. b4 Nf4+ 32. Bxf4 Rxf4 33. Ne4 b6 34. d5 exd5 35. Nf6+ Bxf6 36. Rxe8 dxc4+ 37. Kc2 Rxf2+ 38. R1e2 Rxe2+ 39. Rxe2 d5 40. Rf2 Ke6 41. Re2+ Be5 42. Rf2 d4 43. Rf8 Kd5 44. Rf7 d3+ 45. Kd2 Ke4 46. Re7 c3+ 47. Kd1 Kd4 48. Rd7+ Kc4 0-1


[Site "https://www.chess.com"]

[Event "Titled Tuesday Blitz October 5 2021"]
[White "Solon, Nathan"]
[Black "Roman, Rodrigo"]
[WhiteFideId "2017229"]
[BlackFideId "3701220"]
[WhiteElo "2655"]
[BlackElo "2036"]
[Result "1-0"]
[Round "09"]
[TimeControl "180+1"]
[Date "2021.10.05"]
[WhiteClock "0:00:09"]
[BlackClock "0:00:04"]

1. d4 a6 2. e4 b5 3. Nf3 Bb7 4. Bd3 Nf6 5. e5 Nd5 6. O-O e6 7. a4 b4 8. c4 bxc3 9. bxc3 Be7 10. Qc2 h6 11. Nbd2 d6 12. Rb1 Qc8 13. c4 Nb6 14. exd6 Bd8 15. Ne4 O-O 16. a5 N6d7 17. Bf4 Nc6 18. Qa4 f5 19. Nc5 Nxc5 20. dxc5 Rb8 21. Rfe1 g5 22. Bd2 Bf6 23. h3 Qd7 24. Red1 cxd6 25. cxd6 Qxd6 26. Be3 Qe7 27. Rb6 Rfd8 28. c5 Ne5 29. Nxe5 Bxe5 30. Bc4 Bd5 31. Bxd5 exd5 32. Rxh6 d4 33. Rg6+ Kf7 34. Bxg5 Qxc5 35. Rxa6 Rd6 36. Rxd6 Qxd6 37. a6 Ra8 38. a7 Qc7 39. Ra1 d3 40. Qb3+ Kg6 41. Rd1 Rxa7 42. Be3 Rb7 43. Qxd3 Qe7 44. g4 Qf6 45. Kg2 Rg7 46. Qxf5+ Qxf5 47. gxf5+ Kxf5+ 48. Kf3 Rf7 49. Rd5 Ke6+ 50. Ke4 Bd6 51. Rh5 Be7 52. Rh6+ Kd7 53. f4 Bf8 54. Rh5 Bd6 55. Kf3 Ke7 56. Rh6 Bc7 57. h4 Kf8 58. h5 Kg7 59. Rg6+ Kh7 60. Kg4 Bd8 61. f5 Bf6 62. Bg5 Bxg5 63. Kxg5 Rf8 64. f6 Rf7 65. Kf5 Kh8 66. h6 Kh7 67. Rg7+ 1-0


[Site "https://www.chess.com"]

[Event "Titled Tuesday Blitz October 5 2021"]
[White "Stribuk, Artiom"]
[Black "Golubev, Mikhail"]
[WhiteFideId "13515659"]
[BlackFideId "14100983"]
[WhiteElo "2224"]
[BlackElo "2374"]
[Result "1/2-1/2"]
[Round "09"]
[TimeControl "180+1"]
[Date "2021.10.05"]
[WhiteClock "0:00:11"]
[BlackClock "0:00:13"]

1. d4 Nf6 2. c4 g6 3. Nf3 Bg7 4. g3 O-O 5. Bg2 d6 6. O-O Nbd7 7. Nc3 e5 8. e4 Re8 9. Re1 exd4 10. Nxd4 c6 11. h3 Qb6 12. b3 Nxe4 13. Nxe4 Qxd4 14. Rb1 d5 15. cxd5 cxd5 16. Nd6 Rxe1+ 17. Qxe1 Nf6 18. Nxc8 Rxc8 19. Be3 Qd3 20. Bxa7 Qa6 21. Bd4 Qxa2 22. Bxf6 Bxf6 23. Bxd5 Rd8 24. Rd1 b6 25. h4 Qb2 26. Qe4 Kg7 27. Kg2 Qe5 28. Qf3 h5 29. Rd3 Rd6 30. Rd2 Rd8 31. Rd1 Rd6 32. b4 Rd8 33. b5 Rd6 34. Rd3 Rd8 35. Bb3 Rxd3 36. Qxd3 Qd4 37. Qf3 Qc5 38. Qb7 Qe7 39. Qxb6 Qe4+ 40. Kh2 Qf3 41. Qe3 Qxe3 42. fxe3 Bd8 43. Kg2 Bb6 44. Kf3 f5 45. Bc2 Kf6 46. Bd3 Ke5 47. Bc4 Ba7 48. Bf7 Kf6 49. Be8 Bb6 50. e4 fxe4+ 51. Kxe4 Ba7 52. Kf3 Bb6 53. Kg2 Bc5 54. Bc6 Bb6 55. Be8 Bc5 56. Kf3 Bb6 57. Ke4 Bf2 58. Kf4 Bb6 59. Kf3 Bc7 60. Kg2 Bb6 61. Kh3 Bc5 62. Bc6 Bb6 63. g4 hxg4+ 64. Kxg4 Bc5 65. Be4 Bb6 66. Bg2 Bc5 67. Bf1 Bd4 68. Kf4 Bb6 69. Bd3 Bc7+ 70. Ke4 Bb6 71. Kd5 Bf2 72. Kc6 Bxh4 73. b6 Bg3 74. b7 Bf4 75. Kd7 g5 76. Be2 Be5 77. Bg4 Bf4 78. Kc8 Be5 79. Bd7 Bf4 80. Bg4 Be5 81. Bh3 Bf4 82. Kd7 Be5 83. Kd8 Bf4 84. Kc8 Be5 85. Bf1 Bf4 86. Be2 Be5 87. b8=Q Bxb8 88. Kxb8 Ke5 89. Bd1 Kf4 90. Be2 Kg3 91. Bd1 Kh3 92. Kc7 g4 93. Bxg4+ 1/2-1/2


[Site "https://www.chess.com"]